 Dungeon Crawl Stone Soup version 0.31-a0-672-g7da72447bb (webtiles) character file.

Game seed: 15927824355817330605

88 DocEon the Changeling (level 4, -2/52 HPs)
             Began as a Draconian Shapeshifter on Sept 5, 2023.
             Slain by an orc wizard
             ... wielding a +2 dagger of venom
              (5 damage)
             ... on level 3 of the Dungeon.
             The game lasted 00:01:23 (1922 turns).

DocEon the Changeling (Draconian Shapeshifter)      Turns: 1922, Time: 00:01:23

Health: -2/52      AC: 22    Str: 19    XL:     4   Next: 30%
Magic:  4/4        EV:  2    Int: 10    God:
Gold:   82         SH:  0    Dex: 10    Spells: 3/3 levels left

rFire   . .          .
                       - Unarmed
rCold   . . .        (no shield)
rNeg    . . .        (body armour unavailable)
rPois   +            (helmet currently unavailable)
rElec   .            (cloak currently unavailable)
rCorr   .            (gloves currently unavailable)
SInv    .            (boots currently unavailable)
Will    +....        (no amulet)
Stlth   +            m - ring of willpower
HPRegen 0.28/turn    (no ring)
MPRegen 0.09/turn

%: no passive effects
@: lethally poisoned (-2 -> -5), tree-form
A: stationary, stasis, torment immunity, boosted hp, AC +5, unfitting armour,
(cold-blooded)
a: no special abilities


You were on level 3 of the Dungeon.
You were a tree.
You visited 1 branch of the dungeon, and saw 3 of its levels.

You collected 82 gold pieces.

Inventory:

Armour
 j - a +0 pair of boots
Jewellery
 m - a ring of willpower (left branch)
Talismans
 b - a beast talisman
 c - a flux talisman
Scrolls
 d - 2 scrolls of teleportation {unknown}
 e - 3 scrolls of identify {unknown}
 g - 2 scrolls of blinking {unknown}
 h - 3 scrolls of enchant armour {unknown}
 k - a scroll of fear {unknown}
 n - a scroll of poison {unknown}
 o - a scroll of acquirement {unknown}
Potions
 f - a potion of heal wounds {unknown}
 i - a potion of might {unknown}
 l - 2 potions of mutation {unknown}


   Skills:
 - Level 1.1 Fighting
 - Level 1.7 Dodging
 + Level 3.7 Unarmed Combat
 * Level 4.4 Shapeshifting


You had 3 spell levels left.
You didn't know any spells.
Your spell library was empty.

Dungeon Overview and Level Annotations

Branches:
Dungeon (3/15)

Altars:
Wu Jian


Innate Abilities, Weirdness & Mutations

You are a tree.
Your roots penetrate the ground, keeping you stationary.
You cannot be teleported.
You are immune to unholy pain and torment.
Your maximum health is greatly increased.
Your equipment is partially melded.
((Your plain brown scales are hard. (AC +5)))
You cannot fit into any form of body armour.
((You are cold-blooded and may be slowed by cold attacks.))


Message History

The orc wizard flickers and vanishes!
Deactivating autopickup; reactivate with Ctrl-A.
You hit the orc.
You kill the orc!
You smack the orc priest!
You kill the orc priest!
You have reached level 4!
You feel stronger.
You cannot move.
You cannot move.
Something hits you but does no damage.
The orc throws a boomerang.
You cannot move.
Something hits you but does no damage.
You cannot move.
You hear some strange, mumbled words.
A magic dart appears from out of thin air!
The magic dart hits you.
The orc throws a boomerang.
Something hits you but does no damage.
You are poisoned.
The orc throws a boomerang.
The boomerang completely misses you.
You feel sick.
You hear some strange, mumbled words.
A puff of flame appears from out of thin air!
The puff of flame hits you!
* * * LOW HITPOINT WARNING * * *
The orc throws a boomerang.
The boomerang hits you.
* * * LOW HITPOINT WARNING * * *
You cannot move.
You cannot move.
You cannot move.
You cannot move.
You smack something!
Your punch misses something.
* * * LOW HITPOINT WARNING * * *
You feel sick. Something hits you but does no damage.
The orc throws a boomerang.
The boomerang hits you.
* * * LOW HITPOINT WARNING * * *
You barely miss something.
* * * LOW HITPOINT WARNING * * *
You feel sick. Something hits you.
You die...

#.# #.# #.# .######.##
.........# . #######..#
...## #..#
......########..########
#...o{♣...............#
##############..######.#
............))..# #.#
######..........# #.#
#.......######### #.#
#.......######### #.#
#...............# #.#
###.............# #.#
#.............# #.#


You could see an orc.

Vanquished Creatures
  An orc priest (D:3)
  An adder (D:2)
  A dart slug (D:3)
  2 orcs (D:3)
  3 endoplasms
  4 hobgoblins
  4 quokkas
  7 ball pythons
  7 bats
  2 frilled lizards
  8 goblins
  4 kobolds
  A rat (D:3)
45 creatures vanquished.

Notes
Turn   | Place    | Note
-------+----------+-------------------------------------------
     0 | D:1      | DocEon the Draconian Shapeshifter began the quest for the
                  | Orb.
     0 | D:1      | Reached XP level 1. HP: 16/16 MP: 1/1
   290 | D:1      | Reached XP level 2. HP: 23/23 MP: 2/2
  1095 | D:2      | Reached XP level 3. HP: 28/28 MP: 3/3
  1243 | D:2      | Found an ornate altar of the Wu Jian Council.
  1250 | D:2      | Reached skill level 4 in Shapeshifting
  1916 | D:3      | Reached XP level 4. HP: 28/35 MP: 4/4
  1922 | D:3      | Slain by an orc wizard

Illustrated notes

Levels and vault maps discovered:
D:1:      dpeg_arrival_court, layout_basic
D:2:      layout_loops_corners, basic_altar
D:3:      layout_basic

Skill      XL: |  1  2  3 |
---------------+----------+-----
Shapeshifting  | 4 |  4.4
Fighting       | |  1.1
Dodging        | |  1.7
Unarmed Combat | |  3.7

Action                     |  1- 3 |  4- 6 || total
---------------------------+-------+-------++-------
  Melee: Unarmed           |   117 |     2 ||   119
         Tailslap          |     9 |       ||     9
         Punch             |     5 |       ||     5
    Use: Potion            |     1 |       ||     1
   Stab: Sleeping          |     2 |       ||     2
 Armour: Skin              |    57 |     9 ||    66
  Dodge: Dodged            |    92 |     1 ||    93

Table legend: (Time is in decaauts)
 A = Elapsed time spent in this place.
 B = Non-inter-level travel time spent in this place.
 C = Inter-level travel time spent in this place.
 D = Time resting spent in this place.
 E = Time spent auto-exploring this place.
 F = Levels seen in this place.
 G = Mean time per level.
                   A        B        C        D        E       F      G
               +--------+--------+--------+--------+--------+-----+--------+
         Total |   1915 |   1897 |     18 |     20 |   1582 |   3 |  638.3 |
       Dungeon |   1915 |   1897 |     18 |     20 |   1582 |   3 |  638.3 |
               +--------+--------+--------+--------+--------+-----+--------+

Top non-repeatable levels by time:
     D:2: 797 daAuts
     D:1: 771 daAuts
     D:3: 346 daAuts
